 Dungeon Crawl Stone Soup version 0.26-a0-663-g36e8fdb655 (webtiles) character file.

Game seed: 10332491498108583275

1154 PentaManta the Covert (level 8, -1/37 HPs)
             Began as a Spriggan Brigand on Oct 12, 2020.
             Was a Follower of Uskayaw.
             Slain by a bullfrog skeleton (2 damage)
             ... on level 6 of the Dungeon.
             The game lasted 00:23:43 (7905 turns).

PentaManta the Covert (Spriggan Brigand)            Turns: 7905, Time: 00:23:44

Health: -1/37      AC:  0    Str:  7    XL:     8   Next: 16%
Magic:  9/9        EV: 23    Int: 13    God:    Uskayaw [*.....]
Gold:   254        SH:  0    Dex: 19    Spells: 7/7 levels left

rFire    . . .     SeeInvis +   (weapon restricted)
rCold    . . .     Faith    .   (shield restricted)
rNeg     . . .     Spirit   .   (armour restricted)
rPois    .         Reflect  .   (helmet restricted)
rElec    .         Harm     .   (no cloak)
rCorr    .         Rampage  .   (gloves unavailable)
MR       +....                  (boots unavailable)
Stlth    ++++......             (no amulet)
HPRegen  0.12/turn              (no ring)
MPRegen  0.11/turn              (no ring)

@: studying Slings, very quick
A: very small, unfitting armour, see invisible, speed 3
a: Stomp, Renounce Religion


You were on level 6 of the Dungeon.
You worshipped Uskayaw.
Uskayaw was noncommittal.
You visited 1 branch of the dungeon, and saw 6 of its levels.

You collected 254 gold pieces.

Inventory:

Hand Weapons
 f - a +0 long sword
 i - a +0 short sword
 t - a +0 dagger of distortion
 w - a +0 hunting sling
 x - a +0 dagger of freezing
Missiles
 d - 44 poisoned darts (quivered)
 e - 2 curare-tipped darts
 m - 141 stones
 q - 4 datura-tipped darts
Armour
 b - a +0 robe
 c - a +0 cloak
 h - a +1 buckler
Jewellery
 z - an uncursed ring of protection from fire {unknown}
Wands
 A - a wand of paralysis (5)
Scrolls
 j - a scroll of enchant armour
 k - a scroll of amnesia
 r - 2 scrolls of teleportation
 y - a scroll of remove curse
 B - a scroll of magic mapping {unknown}
 C - a scroll of identify
Potions
 g - 2 potions of stabbing
 n - 4 potions of curing
 o - 2 potions of lignification
 p - 4 potions of heal wounds
 s - 3 potions of flight
 u - a potion of haste
 v - a potion of might {unknown}
Books
 l - a manual of Slings


   Skills:
 - Level 1.5 Fighting
 + Level 5.8 Short Blades
 * Level 2.0(2.5) Slings
 - Level 2.0(2.2) Throwing
 + Level 7.2 Dodging
 - Level 9.0 Stealth
 + Level 3.4 Shields


You had 7 spell levels left.
You didn't know any spells.
Your spell library contained the following spells:

 Spells                   Type           Power        Failure   Level
 Beastly Appendage        Tmut           #.....       30%         1
 Wereblood                Tmut           #.......     43%         2
 Spider Form              Tmut/Pois      #.........   67%         3
 Ice Form                 Ice/Tmut       #.......     97%         4
 Blade Hands              Tmut           #.........   100%        5


Dungeon Overview and Level Annotations

Branches:
Dungeon (6/15)
 Temple: D:4-7

Altars:
Dithmenos
Makhleb
Okawaru
Uskayaw
Xom

Shops:
D:5 (


Innate Abilities, Weirdness & Mutations

You are very small and have problems with some larger weapons.
You are too small for most types of armour.
You have supernaturally acute eyesight. (SInv)
You cover ground extremely quickly.


Message History

There are monsters nearby!
There are monsters nearby!
The jackal barely misses you. The leopard gecko bites you.
The bullfrog skeleton hits you.
* * * LOW HITPOINT WARNING * * *
The jackal completely misses you.
The leopard gecko completely misses you.
The bullfrog skeleton hits you.
* * * LOW HITPOINT WARNING * * *
The jackal bites you.
* * * LOW HITPOINT WARNING * * *
The leopard gecko closely misses you. The jackal bites you.
* * * LOW HITPOINT WARNING * * *
The leopard gecko closely misses you. The jackal bites you.
* * * LOW HITPOINT WARNING * * *
The ufetubus barely misses you. The ufetubus completely misses you.
The leopard gecko barely misses you. The jackal closely misses you.
The bullfrog skeleton hits you.
You die...

.>........##
............# .
........$... ..
...........# ...
#######..........#....
#..#..#...............
........###$.l5Z......
#........#...h@.......
#.......##............
##..#..................
##...#..................
........................
##..#.....##...#........
#.......#....###........
>##
.†.....####..##.........
..#.?.
..#.....###......^.....
......


You could see an ufetubus, a leopard gecko, a jackal and a bullfrog skeleton.

Vanquished Creatures
  Sigmund (D:3)
  An ice beast (D:6)
  2 ogres (D:5)
  A scorpion (D:4)
  A centaur zombie (D:5)
  2 hounds
  A bullfrog skeleton (D:4)
  An orc priest (D:1)
  2 iguanas (D:6)
  Natasha (thrice) (D:3)
  3 orc wizards
  2 worker ants (D:5)
  A worker ant zombie (D:6)
  A howler monkey zombie (D:5)
  10 adders
  A shadow imp (D:5)
  An ufetubus (D:5)
  An ooze (D:3)
  An adder zombie (D:5)
  2 worms (D:3)
  2 dart slugs
  3 leopard geckos
  11 orcs
  10 bats
  5 giant cockroaches
  9 goblins
  9 hobgoblins
  17 jackals
  12 kobolds
  2 quokkas
  5 frilled lizards
  A giant cockroach zombie (D:6)
  3 rats (D:2)
127 creatures vanquished.

Notes
Turn   | Place    | Note
-------+----------+-------------------------------------------
     0 | D:1      | PentaManta the Spriggan Brigand began the quest for the
                  | Orb.
     0 | D:1      | Reached XP level 1. HP: 10/10 MP: 2/2
   207 | D:1      | Reached skill level 6 in Stealth
   344 | D:1      | Reached XP level 2. HP: 14/14 MP: 3/3
   872 | D:2      | Reached XP level 3. HP: 16/18 MP: 4/4
  2246 | D:1      | Reached skill level 1 in Shields
  2246 | D:1      | Reached XP level 4. HP: 11/22 MP: 5/5
  2513 | D:3      | Found a shimmering altar of Xom.
  2533 | D:3      | Reached skill level 7 in Stealth
  2791 | D:3      | Noticed Sigmund
  2793 | D:3      | Killed Sigmund
  2793 | D:3      | Reached XP level 5. HP: 25/25 MP: 6/6
  2793 | D:3      | Reached XP level 6. HP: 30/30 MP: 7/7
  3125 | D:3      | Noticed Natasha
  3145 | D:3      | Killed Natasha
  3158 | D:3      | Reached skill level 8 in Stealth
  3161 | D:3      | Reached skill level 5 in Dodging
  3337 | D:3      | Noticed Natasha
  3391 | D:3      | Killed Natasha
  3967 | D:3      | Noticed Natasha
  4001 | D:3      | Killed Natasha
  4241 | D:4      | Found a hide-covered altar of Uskayaw.
  4241 | D:4      | Found a burning altar of Makhleb.
  4251 | D:4      | Became a worshipper of Uskayaw the Reveler
  4542 | D:4      | Reached * piety under Uskayaw
  4548 | D:4      | Reached ** piety under Uskayaw
  4677 | D:4      | Reached XP level 7. HP: 33/33 MP: 8/8
  5389 | D:5      | Entered Level 5 of the Dungeon
  6074 | D:5      | Found Tougosk's Antique Weapon Boutique.
  6108 | D:5      | Reached skill level 5 in Short Blades
  6108 | D:5      | Reached skill level 9 in Stealth
  6741 | D:5      | Found a shadowy altar of Dithmenos.
  7104 | D:6      | Reached XP level 8. HP: 37/37 MP: 9/9
  7670 | D:6      | Reached skill level 1 in Slings
  7857 | D:6      | Found an iron altar of Okawaru.
  7904 | D:6      | HP: 1/37 [jackal (2)]
  7905 | D:6      | Slain by a bullfrog skeleton

Illustrated notes

Levels and vault maps discovered:
D:1:      psy_arrival_heroes, layout_basic
D:2:      layout_loops_ring, kennysheep_donut, minmay_octomino_e4
D:3:      layout_basic, xom_teletrap_fun, uniq_natasha, uniq_sigmund
D:4:      layout_basic, gammafunk_temple_overflow_elements, minmay_manual_mullet
D:5:      layout_basic, serial_shops, shop, grunt_dithmenos_smoke
D:6:      layout_cave_pools, kennysheep_okawaru_gauntlet

Skill      XL: |  1  2  3  4  5  6  7  8 |
---------------+-------------------------+-----
Stealth        | 6 7 8 9 |  9.0
Dodging        | 2 3 4 5 7 |  7.2
Short Blades   | 3 4 5 |  5.8
Shields        | 1 2 3 |  3.4
Slings         | 2 |  2.0
Fighting       | |  1.5
Throwing       | |  2.0

Action                   |  1- 3 |  4- 6 |  7- 9 || total
-------------------------+-------+-------+-------++-------
Melee: Dagger            |   140 |   221 |   258 ||   619
 Fire: Hunting sling     |       |       |    17 ||    17
Throw: Dart              |    16 |    22 |    21 ||    59
Invok: Line Pass         |       |       |     3 ||     3
       Stomp             |       |       |     3 ||     3
  Use: Scroll            |     7 |     6 |     4 ||    17
       Potion            |       |     2 |       ||     2
 Stab: Sleeping          |     9 |     8 |     6 ||    23
       Distracted        |       |     1 |       ||     1
       Confused          |       |       |     1 ||     1
Armor: Robe              |    14 |    15 |    12 ||    41
Dodge: Dodged            |    77 |   144 |   142 ||   363
Block: Buckler           |    32 |    64 |    82 ||   178

Table legend: (Time is in decaauts)
 A = Elapsed time spent in this place.
 B = Non-inter-level travel time spent in this place.
 C = Inter-level travel time spent in this place.
 D = Time resting spent in this place.
 E = Time spent auto-exploring this place.
 F = Levels seen in this place.
 G = Mean time per level.
                   A        B        C        D        E       F      G
               +--------+--------+--------+--------+--------+-----+--------+
         Total |   6097 |   5938 |    159 |   1546 |   2931 |   6 | 1016.2 |
       Dungeon |   6097 |   5938 |    159 |   1546 |   2931 |   6 | 1016.2 |
               +--------+--------+--------+--------+--------+-----+--------+

Top non-repeatable levels by time:
     D:5: 1403 daAuts
     D:3: 1309 daAuts
     D:1: 971 daAuts
     D:4: 929 daAuts
     D:2: 884 daAuts
     D:6: 598 daAuts
